AoeStats
← A D A P T

Black Forest

505827304Analyzed
3v3 RM · 21d ago on Sep 11, 2026· 61m 47s· 6 players
Game mode
Random Map
Map size
Normal (6 player)
Population
200
Speed
Normal
Resources
Standard
Victory
Conquest
Starting age
Dark Age
Ending age
Imperial Age
RankedLock teamsTeams togetherTeam positionsShared explorationLock speedFull tech treeHidden civsTurbo modeCheats
Victory
Defeat
🇦🇺 Britons · Australia
1191
+9
🇦🇺 Khmer · Australia
1049
+15
🇷🇺 Turks · Russia
951
+20
🇳🇿 Bohemians · New Zealand
1055
-16
🇬🇧 Ethiopians · United Kingdom
1037
-15
🇦🇺 Byzantines · Australia
992
-13
Kiwikaiser
1:08 Loom
14:03 Feudal Age
17:55 Castle Age
22:06 Imperial Age
20:26 Pikeman
21:08 Double-Bit Axe
23:14 Chemistry
32:52 Bow Saw
38:44 Houfnice
39:31 Halberdier
40:57 Squires
42:21 Siege Engineers
47:05 Scale Mail Armor
48:28 Wheelbarrow
48:54 Chain Mail Armor
48:50 Forging
52:22 Plate Mail Armor
52:29 Iron Casting
MoonRiver
1:19 Loom
12:55 Feudal Age
14:08 Double-Bit Axe
14:05 Horse Collar
22:02 Castle Age
24:51 Wheelbarrow
25:44 Heavy Plow
26:05 Bow Saw
25:57 Heavy Plow
34:04 Imperial Age
31:51 Hand Cart
32:04 Ballistics
33:28 Fortified Wall
35:50 Chemistry
34:56 Siege Engineers
38:32 Two-Man Saw
38:31 Torsion Engines
38:53 Gold Mining
38:56 Stone Mining
42:11 Heavy Scorpion
54:20 Elite Shotel Warrior
55:21 Conscription
59:12 Gold Shaft Mining
59:12 Stone Shaft Mining
Thauler
11:23 Feudal Age
12:00 Double-Bit Axe
12:54 Wheelbarrow
14:32 Horse Collar
17:36 Castle Age
16:29 Loom
17:25 Padded Archer Armor
17:21 Stone Mining
20:32 Bow Saw
23:20 Scale Mail Armor
24:06 Forging
24:14 Pikeman
26:43 Hand Cart
28:37 Iron Casting
28:26 Leather Archer Armor
29:25 Stone Shaft Mining
28:41 Gold Mining
28:48 Gold Mining
29:22 Ballistics
29:18 Squires
29:15 Treadmill Crane
31:11 Murder Holes
32:00 Caravan
32:40 Gold Shaft Mining
33:01 Heavy Plow
33:18 Fletching
33:17 Elite Skirmisher
34:04 Thumb Ring
35:54 Bodkin Arrow
39:04 Imperial Age
38:00 Chain Mail Armor
38:20 Iron Casting
41:39 Chemistry
40:00 Halberdier
41:12 Ring Archer Armor
40:42 Bracer
41:13 Plate Mail Armor
41:11 Conscription
43:08 Two-Man Saw
43:48 Guilds
44:11 Coinage
43:52 Guilds
54:35 Logistica
53:47 Elite Cataphract
ForWorldPeace
2:04 Loom
15:24 Feudal Age
17:26 Double-Bit Axe
17:38 Gold Mining
17:42 Stone Mining
18:17 Horse Collar
18:08 Man-at-Arms
22:28 Wheelbarrow
25:10 Castle Age
24:32 Arson
26:39 Husbandry
26:50 Bloodlines
28:45 Bow Saw
28:38 Heavy Plow
30:20 Forging
30:16 Scale Barding Armor
32:07 Ballistics
37:02 Gold Shaft Mining
41:27 Imperial Age
40:42 Hand Cart
45:42 Artillery
45:03 Elite Janissary
46:04 Conscription
49:04 Chain Barding Armor
49:20 Iron Casting
50:56 Guilds
50:47 Caravan
54:32 Blast Furnace
54:25 Plate Barding Armor
trashdog
8:43 Loom
11:03 Feudal Age
11:34 Double-Bit Axe
12:00 Horse Collar
17:44 Castle Age
16:53 Forging
17:38 Bloodlines
18:15 Scale Barding Armor
20:29 Heavy Plow
23:19 Husbandry
26:42 Fletching
26:30 Crossbowman
28:19 Light Cavalry
30:08 Bow Saw
31:28 Bodkin Arrow
31:50 Padded Archer Armor
34:29 Tusk Swords
35:12 Leather Archer Armor
36:51 Chain Barding Armor
41:16 Imperial Age
42:22 Double Crossbow
41:51 Heavy Scorpion
45:22 Hussar
48:10 Arbalester
49:26 Bracer
49:57 Ring Archer Armor
50:55 Ballistics
51:43 Plate Barding Armor
53:32 Iron Casting
A D A P T
0:43 Loom
11:35 Feudal Age
18:10 Castle Age
16:27 Double-Bit Axe
16:59 Horse Collar
19:15 Bow Saw
21:54 Gold Mining
21:55 Stone Mining
21:54 Town Watch
22:53 Fletching
24:36 Ballistics
25:28 Wheelbarrow
25:39 Bodkin Arrow
28:40 Yeomen
28:59 Caravan
29:41 Padded Archer Armor
30:48 Hand Cart
32:27 Leather Archer Armor
36:26 Imperial Age
37:31 Conscription
37:14 Bracer
37:45 Ring Archer Armor
38:57 Chemistry
39:35 Two-Man Saw
38:52 Elite Longbowman
40:50 Ring Archer Armor
58:48 Warwolf
Connection lost

Rejoining the realm…

Still unreachable

The connection could not be restored.

Session expired

The server has moved on; the page needs a fresh start.